 Dungeon Crawl Stone Soup version 0.30-a0-528-g8c47a4955b (webtiles) character file.

Game seed: 16992994675060121152

153 Shayle the Conjurer (level 5, -9/28 (40) HPs)
             Began as a Demonspawn Reaver on Dec 23, 2022.
             Mangled by an ogre
             ... wielding a +0 giant club
              (14 damage)
             ... on level 4 of the Dungeon.
             The game lasted 00:06:25 (3135 turns).

Shayle the Conjurer (Demonspawn Reaver)             Turns: 3135, Time: 00:06:26

HP:   -9/28 (40)    AC:  7    Str: 12    XL:     5   Next: 12%
MP:   6/9           EV: 12    Int: 16    God:
Gold: 189           SH:  0    Dex: 12    Spells: 8/9 levels left

rFire   . . .      SeeInvis .    q - +0 mace
rCold   . . .      Faith    .    (no shield)
rNeg    . . .      Spirit   .    a - +0 leather armour
rPois   +          Reflect  .    (no helmet)
rElec   .          Harm     .    e - +1 cloak
rCorr   .          Rampage  .    (no gloves)
Will    +....                    (no boots)
Stlth   +                        (no amulet)
HPRegen 0.24/turn                g - ring of willpower
MPRegen 0.11/turn                h - ring of poison resistance

@: very slightly contaminated, very heavily drained
A: thin metallic scales 1, ignite blood 1
a: no special abilities


You were on level 4 of the Dungeon.
You visited 1 branch of the dungeon, and saw 4 of its levels.

You collected 189 gold pieces.

Inventory:

Hand Weapons
 q - a +0 mace (weapon)
Armour
 a - a +0 leather armour (worn)
 e - a +1 cloak (worn)
 m - a scarf of resistance
Jewellery
 g - a ring of willpower (left hand)
 h - a ring of poison resistance (right hand)
Wands
 n - a wand of flame (2)
Scrolls
 f - a scroll of magic mapping
 i - 4 scrolls of teleportation
 k - 2 scrolls of poison
 l - a scroll of vulnerability {unknown}
 o - a scroll of noise {unknown}
Potions
 b - 2 potions of curing {unknown}
 c - a potion of cancellation
 d - a potion of heal wounds
 j - a potion of lignification
 p - a potion of flight {unknown}
 r - a potion of haste {unknown}


   Skills:
 + Level 2.9 Fighting
 + Level 2.7 Dodging
 + Level 3.3 Unarmed Combat
 + Level 2.8 Spellcasting
 + Level 3.6 Conjurations


You had 8 spell levels left.
You knew the following spells:

 Your Spells              Type           Power      Damage    Failure   Level
a - Kiss of Death         Conj/Necr      32%        2d7       12%         1

Your spell library contained the following spells:

 Spells                   Type           Power      Damage    Failure   Level
 Momentum Strike          Conj/Tloc      16%        3d8       17%         2
 Hailstorm                Conj/Ice       8%         3d4       34%         3


Dungeon Overview and Level Annotations

Branches:
Dungeon (4/15)
 Temple: D:4-7

Altars:

Shops:
D:2 (

Annotations:
D:3 1 runed translucent door, bchevrier's ghost, amateur GnWn


Innate Abilities, Weirdness & Mutations

You are partially covered in thin metallic scales. (AC +2)
Your demonic aura sometimes causes spilled blood to erupt in flames.


Message History

You hit the ogre.
The ogre is moderately wounded.
The ogre hits you with a +0 giant club!!
Ouch! That really hurt!
You hit the ogre but do no damage.
The ogre is moderately wounded.
The ogre hits you with a +0 giant club!
* * * LOW HITPOINT WARNING * * *
You hit the ogre.
The ogre is heavily wounded.
The ogre closely misses you.
Casting: Kiss of Death (safe; 12% risk of failure)
Confirm with . or Enter, or press ? or * to list all spells.
Aiming: Kiss of Death (safe; 12% risk of failure)
Press: ? - help, Shift-Dir - straight line, f/p - ogre
Aim: an ogre, wielding a +0 giant club (heavily wounded, 100% to hit)
You miscast Kiss of Death.
You are very lightly contaminated with residual magic.
Nothing appears to happen.
The ogre barely misses you.
Casting: Kiss of Death (safe; 12% risk of failure)
Confirm with . or Enter, or press ? or * to list all spells.
Aiming: Kiss of Death (safe; 12% risk of failure)
Press: ? - help, Shift-Dir - straight line, f/p - ogre
Aim: an ogre, wielding a +0 giant club (heavily wounded, 100% to hit)
The negative energy hits the ogre.
The ogre is drained!
The ogre is severely wounded.
You feel drained.
Casting: Kiss of Death (safe; 12% risk of failure)
Confirm with . or Enter, or press ? or * to list all spells.
Aiming: Kiss of Death (safe; 12% risk of failure)
Press: ? - help, Shift-Dir - straight line, f/p - ogre
Aim: an ogre, wielding a +0 giant club (severely wounded, lightly drained, 100% to hit)
The negative energy hits the ogre!
The ogre is drained!
The ogre is almost dead.
You feel drained. The ogre closely misses you.
You barely miss the ogre.
The ogre is almost dead.
The ogre hits you with a +0 giant club!
Ouch! That really hurt!
You die...

........
#..... #...
##.# #.#
#..# ...
##.## ....
#..# .....
#O###.....
#@#.......
##.........
#...######
#..## #..#
#####.<####
#.....†...#
#.........#
#.........#


You could see an ogre (very drained).

Vanquished Creatures
  Natasha (thrice) (D:2)
  2 adders
  A worm (D:2)
  An orc (D:3)
  3 ball pythons
  3 endoplasms
  6 giant cockroaches
  5 hobgoblins
  6 quokkas
  5 bats (D:2)
  3 frilled lizards (D:2)
  5 goblins
  4 kobolds
  9 rats
56 creatures vanquished.

Notes
Turn   | Place    | Note
-------+----------+-------------------------------------------
     0 | D:1      | Shayle the Demonspawn Reaver began the quest for the Orb.
     0 | D:1      | Reached XP level 1. HP: 16/16 MP: 3/3
   403 | D:1      | Gained mutation: Your demonic aura sometimes causes spilled
                  | blood to erupt in flames. [demonic ancestry]
   403 | D:1      | Reached XP level 2. HP: 22/22 MP: 5/5
  1027 | D:2      | Gained mutation: You are partially covered in thin metallic
                  | scales. (AC +2) [demonic ancestry]
  1027 | D:2      | Reached XP level 3. HP: 28/28 MP: 6/6
  1149 | D:2      | Noticed Natasha
  1162 | D:2      | Killed Natasha
  1163 | D:2      | Reached XP level 4. HP: 24/34 MP: 7/7
  1269 | D:2      | Found Nulo's Weapon Shoppe.
  1575 | D:2      | Noticed Natasha
  1660 | D:2      | Killed Natasha
  2059 | D:2      | Noticed Natasha
  2169 | D:2      | Killed Natasha
  2536 | D:3      | Reached XP level 5. HP: 40/40 MP: 9/9
  2543 | D:3      | Found a faded altar of an unknown god.
  2721 | D:3      | Found a runed translucent door.
  2722 | D:3      | Noticed bchevrier's ghost (amateur GnWn)
  3120 | D:4      | Noticed an ogre
  3135 | D:4      | Mangled by an ogre

Illustrated notes

Levels and vault maps discovered:
D:1:      lightli_arrival_statuegarden, layout_basic, minmay_worlds_worst_comb
D:2:      layout_basic, serial_shops, shop, uniq_natasha
D:3:      layout_basic, ebering_ghost_reflecting_pool,
          ebering_ecumenical_altar_mist
D:4:      layout_rooms, chequers_ossuary_entry_cave, item_on_display_a

Skill      XL: |  1  2  3 |
---------------+----------+-----
Dodging        | 2 |  2.7
Unarmed Combat | 3 |  3.3
Fighting       | |  2.9
Spellcasting   | |  2.8
Conjurations   | |  3.6

Action                   |  1- 3 |  4- 6 || total
-------------------------+-------+-------++-------
Melee: Unarmed           |   177 |    70 ||   247
       Punch             |     2 |     2 ||     4
       Mace              |       |    41 ||    41
 Cast: Kiss of Death     |     1 |     2 ||     3
Evoke: Wand              |       |     1 ||     1
  Use: Scroll            |     6 |       ||     6
Armor: Leather armour    |    55 |    39 ||    94
Dodge: Dodged            |   106 |    84 ||   190

Table legend: (Time is in decaauts)
 A = Elapsed time spent in this place.
 B = Non-inter-level travel time spent in this place.
 C = Inter-level travel time spent in this place.
 D = Time resting spent in this place.
 E = Time spent auto-exploring this place.
 F = Levels seen in this place.
 G = Mean time per level.
                   A        B        C        D        E       F      G
               +--------+--------+--------+--------+--------+-----+--------+
         Total |   3135 |   2912 |    223 |    491 |   1653 |   4 |  783.8 |
       Dungeon |   3135 |   2912 |    223 |    491 |   1653 |   4 |  783.8 |
               +--------+--------+--------+--------+--------+-----+--------+

Top non-repeatable levels by time:
     D:2: 1257 daAuts
     D:1: 923 daAuts
     D:3: 919 daAuts
     D:4: 35 daAuts
